 Dungeon Crawl Stone Soup version 0.27.1-34-g3ba077fa99 (webtiles) character file.

Game seed: 8875961381123703873

147 daervis the Skirmisher (level 5, -1/34 HPs)
             Began as a Gargoyle Berserker on Jan 14, 2022.
             Was a Believer of Trog.
             Slain by a worm (6 damage)
             ... on level 3 of the Dungeon.
             The game lasted 00:10:17 (3256 turns).

daervis the Skirmisher (Gargoyle Berserker)         Turns: 3256, Time: 00:10:18

Health: -1/34      AC:  7    Str: 21    XL:     5   Next: 29%
Magic:  5/5        EV: 11    Int:  8    God:    Trog [**....]
Gold:   79         SH:  0    Dex:  9    Spells: 4/4 levels left

rFire    . . .     SeeInvis .   a - +0 hand axe
rCold    . . .     Faith    .   (no shield)
rNeg     + . .     Spirit   .   b - +0 animal skin
rPois    ∞         Reflect  .   (no helmet)
rElec    +         Harm     .   (no cloak)
rCorr    .         Rampage  .   (no gloves)
Will     .....                  d - +0 pair of boots
Stlth    +.........             (no amulet)
HPRegen  0.11/turn              (no ring)
MPRegen  0.09/turn              (no ring)

@: on berserk cooldown
A: sickness immunity, AC +4, negative energy resistance 1, electricity
resistance, torment resistance 1, petrification resistance
a: Renounce Religion, Berserk, Trog's Hand


You were on level 3 of the Dungeon.
You worshipped Trog.
Trog was pleased with you.
You visited 1 branch of the dungeon, and saw 4 of its levels.

You collected 79 gold pieces.

Inventory:

Hand Weapons
 a - a +0 hand axe (weapon)
Missiles
 i - 2 throwing nets (quivered)
Armour
 b - a +0 animal skin (worn)
 d - a +0 pair of boots (worn)
Scrolls
 e - 3 scrolls of identify {unknown}
 f - 2 scrolls of teleportation {unknown}
 h - a scroll of vulnerability {unknown}
Potions
 c - a potion of mutation {unknown}
 g - a potion of brilliance {unknown}


   Skills:
 * Level 4.4 Fighting
 * Level 4.1 Axes
 * Level 2.7 Armour
 - Level 1.5 Dodging
 * Level 1.5 Stealth


You had 4 spell levels left.
You didn't know any spells.
Your spell library was empty.

Dungeon Overview and Level Annotations

Branches:
Dungeon (4/15)
 Temple: D:4-7

Altars:
Ru
Vehumet


Innate Abilities, Weirdness & Mutations

You are immune to sickness and miasma.
Your stone body is resilient. (AC +4)
You are immune to poison.
You resist negative energy. (rN+)
You are resistant to electric shocks. (rElec)
You are resistant to unholy torment.
You are immune to petrification.


Message History

You slash the hobgoblin!
You kill the hobgoblin!
Trog accepts your kill.
You hit the worm.
The worm is lightly wounded.
The worm bites you but does no damage.
You barely miss the worm.
The worm is lightly wounded.
The worm bites you.
* * * LOW HITPOINT WARNING * * *
You hit the worm.
The worm is moderately wounded.
The worm closely misses you.
You barely miss the worm.
The worm is moderately wounded.
The worm closely misses you.
You hit the worm.
The worm is heavily wounded.
The worm bites you but does no damage.
You hit the worm but do no damage.
The worm is heavily wounded.
The worm bites you but does no damage.
You barely miss the worm.
The worm is moderately wounded.
A giant cockroach comes into view.
The worm barely misses you.
You hit the worm but do no damage.
The worm is moderately wounded.
You feel yourself speed up. The worm bites you.
* * * LOW HITPOINT WARNING * * *
You hit the worm.
The worm is heavily wounded.
You hit the worm.
The worm is severely wounded.
The worm closely misses you.
You hit the worm.
The worm is almost dead.
The worm bites you.
You die...

#......# #...g..# .#.
..# #......# #.. ..#
#.g....###.. ..#
#...<..#≈#.# #+#.#
####...#≈#.####.#.#
#....≈..#......#
#....≈..#)###..#
'....≈.Bw@....>#
#...#≈#.#####..#
#...#≈#.# #..# ####
#...# #.#
#.)########...
#.######J##.....#.##
..##.g.......##.#.#.
..##.........##.#...
.............##.##..
♣._.♣♣♣J......##.##..


You could see a worm and a giant cockroach.

Vanquished Creatures
  Jessica (D:2)
  7 gnolls
  A worm (D:2)
  2 endoplasms
  A giant cockroach (D:1)
  6 goblins
  2 hobgoblins
  4 quokkas
  9 ball pythons
  7 bats
  5 frilled lizards
  5 kobolds
  5 rats
55 creatures vanquished.

Notes
Turn   | Place    | Note
-------+----------+-------------------------------------------
     0 | D:1      | daervis the Gargoyle Berserker began the quest for the Orb.
     0 | D:1      | Reached XP level 1. HP: 14/14 MP: 1/1
   376 | D:1      | Reached XP level 2. HP: 14/19 MP: 2/2
  1234 | D:2      | Noticed Jessica
  1234 | D:2      | Found a faded altar of an unknown god.
  1364 | D:1      | Reached XP level 3. HP: 24/24 MP: 3/3
  1463 | D:1      | Reached skill level 1 in Stealth
  1899 | D:2      | Found a sacrificial altar of Ru.
  1904 | D:2      | Reached ** piety under Trog
  2320 | D:2      | Killed Jessica
  2321 | D:2      | Reached XP level 4. HP: 29/29 MP: 4/4
  2874 | D:3      | Found a radiant altar of Vehumet.
  3221 | D:3      | Reached XP level 5. HP: 34/34 MP: 5/5
  3256 | D:3      | Slain by a worm

Illustrated notes

Levels and vault maps discovered:
D:1:      dpeg_arrival_round_c, layout_loops_cross, minmay_heptomino_w4
D:2:      layout_basic, ebering_ecumenical_altar_hall, basic_altar,
          small_statue_intersection, chequers_serial_rivers_micro_a,
          uniq_jessica
D:3:      layout_basic, mainiacjoe_overflow_large_starburst,
          chequers_serial_rivers_micro_a
D:4:      layout_loops_corners, uniq_blork_the_orc, uniq_menkaure, uniq_grinder,
          uniq_natasha

Skill      XL: |  1  2  3  4 |
---------------+-------------+-----
Axes           | 3 4 |  4.1
Stealth        | 1 |  1.5
Fighting       | 4 |  4.4
Armour         | |  2.7
Dodging        | |  1.5

Action                   |  1- 3 |  4- 6 || total
-------------------------+-------+-------++-------
Melee: Hand axe          |   116 |    65 ||   181
Invok: Berserk           |     6 |     2 ||     8
 Stab: Sleeping          |     1 |       ||     1
Armor: Animal skin       |    70 |    35 ||   105
Dodge: Dodged            |   105 |    27 ||   132
